Map: 포트 알렉산더 - 래더

Players

GuMiho - Winner!

  • Race: Terran Terran
  • League: Grandmaster
  • Spawn Location: 5:00

Dear

  • Race: Protoss Protoss
  • Spawn Location: 11:00

Event: IEM Season 13 - Katowice Server Qualifiers Asia 2

VOD

Have the link to the VOD?

Description

Time

  • Played on: Jan. 22, 2019, 7:02 a.m.
  • Length: 6:08

All games in this series

Show
View Real Time Build Order
Export as new Build Order

GuMiho Terran - Winner!

Build Orders:  

Get SALT Encoding   

  12  0:00  SCV  
  13  0:12  SCV  
  14  0:18  Supply Depot  
  14  0:24  SCV  
  15  0:39  SCV  
  15  0:41  Barracks  
  16  0:45  Refinery  
  16  0:51  SCV  
  17  1:03  SCV  
  18  1:15  SCV  
  19  1:27  Orbital Command  
  19  1:28  Marine  
  20  1:40  Command Center  
  20  1:51  Factory  
  20  1:54  SCV  
  20  2:00  Refinery  
  21  2:04  Barracks Reactor  
  21  2:06  SCV  
  22  2:11  Supply Depot  
  22  2:18  SCV  
  23  2:33  SCV  
  23  2:36  Starport  
  24  2:40  Marine x2  
  24  2:43  Factory Tech Lab  
  26  2:45  SCV  
  27  2:52  Orbital Command  
  27  2:58  Marine x2  
  29  3:04  Cyclone  
  31  3:08  SCV  
  32  3:13  Orbital Command  
  32  3:16  Medivac  
  32  3:17  Marine  
  32  3:18  Marine  
  36  3:24  Supply Depot  
  36  3:26  SCV  
  37  3:38  Siege Tank  
  37  3:39  SCV x2  
  42  3:44  Marine, Refinery  
  42  3:46  Marine  
  44  3:52  Viking  
  46  3:56  Supply Depot  
  46  4:00  SCV  
  46  4:01  SCV  
  47  4:04  Marine  
  47  4:05  Marine  
  49  4:14  Siege Tank  
  52  4:22  Marine  
  52  4:23  Marine  
  54  4:29  Viking  
  56  4:33  Engineering Bay  
  56  4:39  SCV  
  56  4:40  Marine x2  
  59  4:46  SCV  
  59  4:49  Siege Tank  
  59  4:51  SCV  
  63  4:57  Marine  
  64  5:03  Viking  
  67  5:07  SCV x2  
  67  5:13  Marine  
  67  5:15  Marine  
  65  5:24  Missile Turret  
  60  5:31  Marine  
  60  5:33  Marine  
  60  5:36  SCV x2  
  59  5:48  SCV  
  59  5:49  SCV  
Show
View Real Time Build Order
Export as new Build Order

Dear Protoss 

Build Orders: 1 Gate Expand, Oracle Opening, Phoenix Opening 

Get SALT Encoding   

  12  0:00  Probe  
  13  0:12  Probe  
  14  0:19  Pylon  
  14  0:24  Probe  
  15  0:33  Probe  
  15  0:39  Gateway  
  15  0:41  Probe  
  16  0:48  Assimilator  
  17  0:52  Probe  
  18  1:04  Probe  
  19  1:16  Probe  
  20  1:26  Cybernetics Core  
  20  1:34  Nexus  
  20  1:39  Probe  
  21  1:43  Pylon  
  21  1:48  Assimilator  
  21  1:51  Probe  
  21  1:53  Adept  
  22  2:03  Probe  
  25  2:13  Adept  
  25  2:16  Probe  
  25  2:17  Stargate  
  28  2:28  Probe  
  29  2:31  Pylon  
  29  2:38  Warp Gate  
  29  2:40  Probe  
  30  2:45  Probe  
  31  2:52  Probe  
  31  2:53  Probe  
  31  2:54  Oracle  
  33  3:01  Probe  
  33  3:04  Probe  
  38  3:13  Probe  
  38  3:16  Probe  
  40  3:25  Probe  
  40  3:26  Gateway  
  41  3:28  Probe, Gateway  
  41  3:30  Phoenix  
  44  3:37  Probe  
  44  3:40  Probe  
  46  3:44  Assimilator  
  46  3:45  Assimilator  
  46  3:49  Probe  
  46  3:52  Probe  
  46  3:54  Pylon  
  46  3:55  Phoenix  
  50  4:01  Probe  
  51  4:04  Probe  
  52  4:11  Twilight Council  
  52  4:13  Probe  
  52  4:16  Forge  
  52  4:17  Probe  
  54  4:20  Phoenix  
  56  4:29  Probe  
  56  4:30  Probe  
  56  4:40  Pylon  
  56  4:41  Probe  
  56  4:42  Probe  
  58  4:50  Phoenix  
  60  4:56  Pylon  
  60  4:58  Adept x2  
  60  4:59  Adept  
  66  5:06  Pylon  
  66  5:08  Phoenix  
  66  5:19  Adept  
  66  5:20  Adept x2  
  74  5:26  Phoenix  
  44  5:41  Stalker x3  

Tags
 
Add a new tag
Caveats
  • Supply blocks, unpowered buildings, or Contaminate may cause inaccurate times.
  • Supply counts are checked every 10 seconds.